 Dungeon Crawl Stone Soup version 0.28-a0-381-g937acc2988 (webtiles) character file.

Game seed: 207369245223799875

1141 lunkers the Grappler (level 8, -2/73 HPs)
             Began as a Minotaur Cinder Acolyte on Sept 1, 2021.
             Was a High Priest of Ignis.
             Slain by an ogre (13 damage)
             ... on level 5 of the Dungeon.
             The game lasted 00:05:58 (4874 turns).

lunkers the Grappler (Minotaur Cinder Acolyte)      Turns: 4874, Time: 00:05:59

Health: -2/73      AC: 11    Str: 20    XL:     8   Next: 14%
Magic:  8/8        EV:  7    Int: 10    God:    Ignis [*****.]
Gold:   212        SH:  0    Dex:  8    Spells: 8/9 levels left

rFire   + . .      SeeInvis .     - Unarmed
rCold   . . .      Faith    .   (no shield)
rNeg    . . .      Spirit   .   j - +0 chain mail
rPois   .          Reflect  .   (helmet restricted)
rElec   .          Harm     .   f - scarf {+Inv}
rCorr   .          Rampage  .   c - +2 pair of gloves
Will    .....                   (no boots)
Stlth   ..........              (no amulet)
HPRegen 0.22/turn               d - ring of wizardry
MPRegen 0.11/turn               (no ring)

@: no status effects
A: horns 2, retaliatory headbutt
a: Renounce Religion, Evoke Invisibility, Sea of Fire, Foxfire Swarm, Rising
Flame


You were on level 5 of the Dungeon.
You worshipped Ignis.
Ignis was extremely pleased with you.
You visited 1 branch of the dungeon, and saw 5 of its levels.

You collected 212 gold pieces.

Inventory:

Armour
 a - a +0 robe
 c - a +2 pair of gloves (worn)
 f - a scarf of invisibility (worn)
 j - a +0 chain mail (worn)
Jewellery
 d - a ring of wizardry (left hand)
Scrolls
 b - a scroll of magic mapping {unknown}
 g - a scroll of brand weapon {unknown}
 h - 2 scrolls of noise {unknown}
 i - a scroll of enchant armour {unknown}
 k - a scroll of holy word {unknown}
Potions
 e - a potion of flight
 l - a potion of lignification
 m - a potion of mutation
 n - a potion of invisibility


   Skills:
 + Level 7.5 Fighting
 * Level 9.3 Unarmed Combat
 - Level 1.0 Spellcasting
 - Level 0.6 Fire Magic


You had 8 spell levels left.
You knew the following spells:

 Your Spells              Type           Power      Damage    Failure   Level
p - Foxfire               Conj/Fire      4%         2x1d4     80%         1

Your spell library contained the following spells:

 Spells                   Type           Power      Damage    Failure   Level
 Slow                     Hex            0%         N/A       92%         2
 Conjure Flame            Conj/Fire      1%         6-21      98%         3
 Inner Flame              Hex/Fire       1%         N/A       98%         3
 Confusing Touch          Hex            0%         N/A       99%         3
 Portal Projectile        Hex/Tloc       0%         N/A       99%         3
 Vampiric Draining        Necr           0%         2d6       99%         3
 Blade Hands              Tmut           0%         N/A       100%        5
 Excruciating Wounds      Necr           0%         N/A       100%        5
 Irradiate                Conj/Tmut      0%         3d14      100%        5
 Dragon Form              Tmut           0%         N/A       100%        7


Dungeon Overview and Level Annotations

Branches:
Dungeon (5/15)
 Temple: D:4-7

Altars:
Cheibriados
Elyvilon
Sif Muna

Shops:
D:4 *


Innate Abilities, Weirdness & Mutations

You have a pair of horns on your head.
You reflexively headbutt those who attack you in melee.


Message History

The iguana is severely wounded.
The iguana barely misses you.
Unknown command.
You punch the iguana!
You kill the iguana!
Unknown command.
The wyvern zombie closely misses you.
The wyvern zombie bites you but does no damage.
The wyvern zombie bites you!
* * * LOW HITPOINT WARNING * * *
You see here a potion of degeneration.
The dart slug launches a dart at you.
The slug dart hits you but does no damage.
The wyvern zombie barely misses you.
You see here a troll skeleton.
You punch the wyvern zombie! You headbutt the wyvern zombie.
The wyvern zombie is moderately damaged.
The wyvern zombie bites you.
* * * LOW HITPOINT WARNING * * *
You punch the wyvern zombie!
The wyvern zombie is severely damaged.
The wyvern zombie bites you but does no damage.
You hit the wyvern zombie.
The wyvern zombie is severely damaged.
The wyvern zombie barely misses you.
You barely miss the wyvern zombie. Your headbutt misses the wyvern zombie.
You punch the wyvern zombie.
The wyvern zombie is almost destroyed.
You hit the ogre.
The ogre is lightly wounded.
You punch the ogre!
The ogre is heavily wounded.
The ogre hits you with a +0 giant club!!
* * * LOW HITPOINT WARNING * * *
You barely miss the ogre. Your headbutt misses the ogre.
The ogre is heavily wounded.
You punch the ogre!
The ogre is severely wounded.
The ogre hits you with a +0 giant club!
You die...

#.## ##.###.# ##.###.## #.#
#....## #.# #### ########
#.#### #.# ##...# #.......
#.########## #.....##...#
#.#.......# .......#...#
#.#.♣♣.♣♣.######.......'...#
#.#.♣.♣.♣.#....#.....O.#)..#
#.'..♣♣♣..'.##@##.....##...#
## ###.♣.♣)♣.####O###...#
#...###. #.♣♣)♣♣.# #Z######
#...##.. #.......#
#......####.w.#... #########
###!.....##O..†...
##.....##...#...
#....w.#...##..
###........###. ##########
##


You could see an ogre and a wyvern zombie.

Vanquished Creatures
  A troll (D:5)
  An ice beast (D:5)
  A black bear (D:2)
  An ogre (D:4)
  2 centaurs
  A phantom (D:5)
  A scorpion (D:5)
  A jelly (D:5)
  A bullfrog zombie (D:5)
  2 iguanas
  3 adders
  12 gnolls
  4 worms
  2 dart slugs (D:1)
  8 orcs
  3 bats
  6 endoplasms
  3 giant cockroaches
  4 goblins
  4 hobgoblins
  8 jackals
  3 quokkas
  9 ball pythons
  6 frilled lizards
  7 kobolds
  9 rats
103 creatures vanquished.

Vanquished Creatures (collateral kills)
  5 foxfires (D:1)
5 creatures vanquished.

Vanquished Creatures (others)
  67 foxfires
  2 plants (D:1)
69 creatures vanquished.

Grand Total: 177 creatures vanquished

Notes
Turn   | Place    | Note
-------+----------+-------------------------------------------
     0 | D:1      | lunkers the Minotaur Cinder Acolyte began the quest for the
                  | Orb.
     0 | D:1      | Reached XP level 1. HP: 19/19 MP: 1/1
   262 | D:1      | Reached XP level 2. HP: 27/27 MP: 0/2
   504 | D:1      | Reached skill level 4 in Unarmed Combat
   769 | D:1      | Found a faded altar of an unknown god.
   774 | D:1      | Reached XP level 3. HP: 33/33 MP: 0/3
  1583 | D:2      | Found a white marble altar of Elyvilon.
  1707 | D:2      | Reached XP level 4. HP: 41/41 MP: 0/4
  1758 | D:2      | Reached skill level 5 in Unarmed Combat
  1914 | D:2      | Noticed a black bear
  1925 | D:2      | Killed a black bear
  1926 | D:2      | Reached skill level 5 in Fighting
  1926 | D:2      | Reached XP level 5. HP: 25/48 MP: 1/5
  2410 | D:2      | Reached skill level 6 in Unarmed Combat
  2776 | D:3      | Reached XP level 6. HP: 56/56 MP: 6/6
  2802 | D:3      | Found a snail-covered altar of Cheibriados.
  2806 | D:3      | Found a shimmering blue altar of Sif Muna.
  3708 | D:4      | Reached skill level 7 in Unarmed Combat
  3722 | D:4      | Found Kokkudi's Overcharged Wands.
  4293 | D:5      | Entered Level 5 of the Dungeon
  4329 | D:5      | Reached XP level 7. HP: 63/63 MP: 7/7
  4492 | D:5      | Noticed a troll
  4506 | D:5      | Killed a troll
  4507 | D:5      | Reached skill level 8 in Unarmed Combat
  4836 | D:5      | Reached skill level 9 in Unarmed Combat
  4836 | D:5      | Reached XP level 8. HP: 63/73 MP: 8/8
  4874 | D:5      | Slain by an ogre

Illustrated notes

Levels and vault maps discovered:
D:1:      dpeg_arrival_boxorama, layout_loops_ring,
          hellmonk_ecumenical_altar_pennies_from_heaven, serial_bayou_pond_c
D:2:      layout_loops_ring, basic_altar
D:3:      layout_basic, chequers_temple_overflow_statue_of_worship, minivault_4
D:4:      layout_cave_pods, nicolae_shop_overcharged_wands
D:5:      minmay_opposing_rooms, layout_loops_ring,
          mainiacjoe_overflow_brackets, serial_shops, shop_statue,
          nicolae_shop_stone, kennysheep_mini, shop, kennysheep_mini_moat,
          kennysheep_generic_room_9

Skill      XL: |  1  2  3  4  5  6  7 |
---------------+----------------------+-----
Fighting       | 4 5 6 7 |  7.5
Unarmed Combat | 4 5 6 7 9 |  9.3
Spellcasting   | |  1.0
Fire Magic     | |  0.6

Action                   |  1- 3 |  4- 6 |  7- 9 || total
-------------------------+-------+-------+-------++-------
Melee: Unarmed           |    87 |   114 |    53 ||   254
       Punch             |     1 |     2 |     2 ||     5
       Headbutt          |     5 |    13 |    10 ||    28
 Cast: Foxfire           |    43 |    10 |       ||    53
  Use: Scroll            |       |       |     5 ||     5
Armor: Robe              |    30 |     3 |       ||    33
       Chain mail        |       |    48 |    30 ||    78
Dodge: Dodged            |    34 |    40 |    18 ||    92

Table legend: (Time is in decaauts)
 A = Elapsed time spent in this place.
 B = Non-inter-level travel time spent in this place.
 C = Inter-level travel time spent in this place.
 D = Time resting spent in this place.
 E = Time spent auto-exploring this place.
 F = Levels seen in this place.
 G = Mean time per level.
                   A        B        C        D        E       F      G
               +--------+--------+--------+--------+--------+-----+--------+
         Total |   4849 |   4777 |     72 |    234 |   3891 |   5 |  969.8 |
       Dungeon |   4849 |   4777 |     72 |    234 |   3891 |   5 |  969.8 |
               +--------+--------+--------+--------+--------+-----+--------+

Top non-repeatable levels by time:
     D:2: 1242 daAuts
     D:1: 1226 daAuts
     D:3: 1110 daAuts
     D:4: 698 daAuts
     D:5: 571 daAuts
